Map: Overgrown Facility

Players

PinkElephant - Winner!

  • Race: Terran Terran
  • Spawn Location: 3:00

Adversity - Winner!

  • Race: Terran Terran
  • Spawn Location: 1:00

EZCoaching

  • Race: Protoss Protoss
  • League: Master
  • Spawn Location: 7:00

Fujitora

  • Race: Terran Terran
  • Spawn Location: 9:00

VOD

Have the link to the VOD?

Description

Time

  • Played on: Aug. 29, 2018, 6:45 p.m.
  • Length: 4:45
Show
View Real Time Build Order
Export as new Build Order

PinkElephant Terran - Winner!

Build Orders: Cyclone Opening 

Get SALT Encoding   

  12  0:01  SCV  
  13  0:13  SCV  
  14  0:18  Supply Depot  
  14  0:25  SCV  
  15  0:31  Refinery  
  15  0:42  Barracks  
  15  0:50  Refinery  
  15  0:54  SCV  
  16  1:06  SCV  
  17  1:18  SCV  
  18  1:29  Factory  
  18  1:30  SCV  
  19  1:33  Barracks Reactor  
  19  1:45  Orbital Command  
  19  1:55  Supply Depot  
  19  2:12  SCV  
  20  2:21  Cyclone  
  23  2:26  Cyclone  
  26  2:30  SCV  
  26  2:33  Marine  
  28  2:41  Supply Depot  
  28  2:53  Cyclone  
  31  3:02  Marine  
  31  3:03  Cyclone  
  31  3:05  SCV  
  36  3:12  Supply Depot  
  36  3:17  SCV  
  37  3:23  Marine  
  38  3:29  SCV  
  38  3:33  Cyclone  
  42  3:36  Supply Depot  
  42  3:45  Marine  
  43  4:05  Cyclone x2  
  51  4:43  Command Center  
Show
View Real Time Build Order
Export as new Build Order

Adversity Terran - Winner!

Build Orders:  

Get SALT Encoding   

  12  0:02  SCV  
  13  0:14  SCV  
  13  0:19  Supply Depot  
  14  0:27  SCV  
  15  0:30  Refinery  
  15  0:41  SCV  
  16  0:48  Barracks  
  16  0:53  SCV  
  17  1:04  Barracks  
  17  1:17  Barracks  
  17  1:22  SCV  
  18  1:37  Reaper  
  19  1:43  Orbital Command  
  19  1:49  Refinery  
  19  1:52  Reaper  
  20  2:00  Supply Depot  
  20  2:05  Reaper  
  21  2:09  Reaper  
  21  2:15  SCV  
  23  2:27  Reaper  
  23  2:31  SCV  
  23  2:34  Supply Depot  
  25  2:37  Reaper  
  25  2:43  Reaper, SCV  
  27  2:56  SCV  
  28  2:59  Reaper  
  29  3:09  Reaper  
  30  3:15  Command Center  
  30  3:18  SCV  
  32  3:20  Reaper  
  32  3:36  Reaper  
  32  3:38  SCV  
  34  3:41  Engineering Bay  
  34  3:42  Reaper  
  36  4:07  SCV  
  38  4:16  Barracks Reactor  
  38  4:17  Barracks Reactor, Barracks Tech Lab  
  35  4:19  Missile Turret, SCV  
  35  4:20  Barracks  
  35  4:22  Barracks  
  34  4:32  SCV  
  34  4:34  Missile Turret  
Show
View Real Time Build Order
Export as new Build Order

EZCoaching Protoss 

Build Orders: Nexus First, Phoenix Opening 

Get SALT Encoding   

  12  0:01  Probe  
  13  0:13  Probe  
  14  0:21  Pylon  
  14  0:26  Probe  
  15  0:38  Probe  
  16  0:46  Probe  
  16  0:54  Probe  
  18  1:05  Nexus  
  18  1:08  Probe  
  19  1:18  Gateway  
  19  1:20  Probe  
  20  1:30  Assimilator  
  20  1:32  Assimilator  
  20  1:34  Probe  
  21  1:47  Probe  
  22  1:58  Gateway  
  22  1:59  Pylon  
  22  2:05  Cybernetics Core  
  22  2:09  Probe  
  23  2:21  Probe x2  
  25  2:33  Probe x2  
  27  2:45  Adept x2  
  27  2:51  Stargate  
  31  3:00  Stargate  
  31  3:02  Probe x2  
  33  3:14  Probe  
  33  3:17  Adept x2  
  33  3:19  Probe  
  39  3:24  Assimilator  
  39  3:26  Probe  
  40  3:29  Assimilator  
  40  3:31  Probe  
  41  3:38  Probe  
  42  3:44  Phoenix x2  
  42  4:32  Pylon  
  42  4:33  Probe x2  
  42  4:34  Pylon  
  42  4:37  Pylon  
Show
View Real Time Build Order
Export as new Build Order

Fujitora Terran 

Build Orders: Gas First Reaper Expand, Liberator Opening 

Get SALT Encoding   

  12  0:00  SCV  
  13  0:13  SCV  
  14  0:18  Supply Depot  
  14  0:25  SCV  
  15  0:30  Refinery  
  15  0:40  SCV  
  16  0:46  Barracks  
  16  0:52  SCV  
  17  1:04  SCV  
  18  1:16  SCV  
  19  1:32  Orbital Command  
  19  1:34  Reaper  
  20  1:46  Command Center  
  20  1:57  Factory  
  20  2:00  SCV  
  21  2:07  Reaper  
  22  2:11  Supply Depot  
  22  2:14  SCV  
  23  2:22  Refinery  
  23  2:33  SCV  
  24  2:45  Starport  
  24  2:47  Hellion  
  24  2:49  SCV  
  27  2:57  Barracks Reactor  
  27  2:59  Orbital Command  
  27  3:01  SCV  
  28  3:06  Liberator  
  28  3:10  Hellion  
  28  3:15  SCV  
  29  3:26  SCV  
  33  3:27  SCV  
  34  3:40  SCV x2  
  36  3:42  Supply Depot  
  36  3:45  Hellion x2  
  36  3:46  Barracks Tech Lab  
  36  4:01  SCV  
  27  4:13  SCV  
  27  4:22  SCV  
  29  4:25  SCV  
Tags
 
Add a new tag
Caveats
  • Supply blocks, unpowered buildings, or Contaminate may cause inaccurate times.
  • Supply counts are checked every 10 seconds.